Map: Platô Nevado

Players

Abortionist

  • Race: Zerg Zerg
  • League: Silver
  • Spawn Location: 12:00

Panda

  • Race: Zerg Zerg
  • League: Platinum
  • Spawn Location: 12:00

DuckKiller

  • Race: Terran Terran
  • League: Diamond
  • Spawn Location: 6:00

efelinto

  • Race: Protoss Protoss
  • League: Diamond
  • Spawn Location: 6:00

VOD

Have the link to the VOD?

Description

Time

  • Played on: April 16, 2017, 2:14 p.m.
  • Length: 8:42
Show
View Real Time Build Order
Export as new Build Order

Abortionist Zerg 

Build Orders: Hatch First 

Get SALT Encoding   

  12  0:05  Drone  
  13  0:09  Drone  
  14  0:20  Overlord  
  14  0:41  Drone x2  
  16  0:43  Drone  
  17  0:59  Hatchery  
  17  1:02  Drone  
  17  1:04  Drone  
  18  1:17  Spawning Pool  
  17  1:23  Drone  
  17  1:25  Drone  
  19  1:35  Extractor  
  18  1:45  Drone  
  19  1:54  Drone  
  20  2:04  Queen  
  20  2:06  Overlord  
  22  2:09  Overlord  
  22  2:15  Drone  
  23  2:17  Queen  
  23  2:20  Drone  
  26  2:24  Extractor  
  25  2:30  Drone  
  25  2:36  Metabolic Boost  
  26  2:43  Drone  
  27  2:46  Drone  
  27  2:47  Drone x2  
  30  2:56  Drone  
  31  3:02  Drone  
  31  3:05  Drone  
  33  3:10  Lair  
  33  3:13  Drone  
  33  3:27  Zergling x8  
  33  3:30  Drone x2  
  33  3:33  Drone x3  
  42  3:36  Extractor  
  42  3:38  Extractor  
  42  3:39  Drone  
  41  3:48  Overlord  
  41  3:56  Drone  
  42  4:04  Drone x2  
  44  4:11  Drone  
  44  4:13  Drone x3  
  44  4:49  Hydralisk Den  
  43  5:02  Spore Crawler  
  43  5:03  Hatchery  
  43  5:05  Spore Crawler  
  40  5:13  Spore Crawler  
  40  5:14  Spore Crawler  
  38  5:19  Muscular Augments  
  38  5:20  Hydralisk x6  
  50  5:24  Overlord x4  
  50  5:26  Hydralisk  
  52  5:34  Evolution Chamber  
  51  5:36  Evolution Chamber  
  50  5:52  Drone x2  
  50  5:53  Drone  
  50  5:54  Drone x3  
  50  5:55  Drone x2  
  58  6:04  Zerg Ground Armor Level 1, Zerg Missile Weapons Level 1  
  58  6:06  Hydralisk  
  58  6:09  Hydralisk x2  
  64  6:18  Drone  
  65  6:26  Drone x4  
  69  6:32  Queen  
  69  6:34  Drone x2  
  73  6:43  Hydralisk x2  
  73  6:44  Hydralisk x2  
  81  6:58  Overlord x3  
  81  6:59  Overlord x2  
  79  7:32  Hydralisk  
  79  7:33  Hydralisk x5  
  79  7:36  Hydralisk x4  
  79  7:37  Hydralisk  
  95  7:40  Drone x3  
  103  8:00  Overseer  
  103  8:08  Hydralisk x3  
  103  8:09  Hydralisk x2  
  113  8:26  Spore Crawler  
  112  8:27  Spore Crawler  
Show
View Real Time Build Order
Export as new Build Order

Panda Zerg 

Build Orders: Pool First 

Get SALT Encoding   

  12  0:03  Drone  
  13  0:13  Overlord  
  13  0:17  Drone  
  14  0:32  Drone x2  
  16  0:37  Drone  
  17  0:48  Spawning Pool  
  16  0:51  Drone  
  17  0:57  Drone  
  18  1:08  Drone  
  18  1:11  Extractor  
  18  1:35  Queen  
  20  1:46  Drone x2  
  22  1:56  Overlord, Extractor, Hatchery  
  20  2:09  Drone x2  
  20  2:11  Metabolic Boost  
  22  2:25  Zergling x2  
  22  2:27  Queen  
  25  2:45  Roach Warren  
  25  2:47  Drone x4  
  25  2:48  Drone  
  29  2:58  Drone  
  30  3:09  Queen  
  32  3:15  Lair  
  32  3:18  Drone  
  33  3:32  Drone x2  
  33  3:33  Drone  
  36  3:39  Overlord  
  36  3:49  Spore Crawler  
  35  3:57  Zergling x2  
  35  3:58  Zergling x4, Overlord x2  
  35  4:01  Drone  
  39  4:15  Glial Reconstitution  
  39  4:20  Drone x4  
  39  4:21  Drone x2  
  39  4:22  Drone  
  46  4:33  Drone x3  
  46  4:34  Drone x2  
  51  4:38  Spore Crawler  
  51  4:40  Overseer  
  47  5:01  Roach x7  
  60  5:10  Spore Crawler  
  59  5:14  Spine Crawler  
  59  5:15  Spine Crawler  
  57  5:21  Zergling x6  
  60  5:29  Extractor  
  60  5:30  Extractor  
  53  6:05  Drone x4  
  53  6:06  Drone  
  53  6:07  Zergling x4  
  53  6:08  Overlord x4  
  60  6:18  Overlord x2  
  60  6:19  Overlord  
  60  6:26  Roach x2  
  64  6:42  Roach x3  
  64  6:43  Roach x2  
  74  6:50  Roach x4  
  82  6:56  Roach  
  82  6:59  Roach  
  86  7:16  Ravager x7  
  86  7:17  Ravager x7  
  90  7:41  Drone  
  90  7:42  Drone x3  
  90  7:43  Spine Crawler  
  93  7:49  Zergling x2  
  93  7:50  Zergling x14  
  93  7:51  Zergling x2  
Show
View Real Time Build Order
Export as new Build Order

DuckKiller Terran 

Build Orders: Command Center First (CC), MMM Bio 

Get SALT Encoding   

  12  0:03  SCV  
  13  0:15  SCV  
  14  0:27  SCV  
  15  1:07  Command Center  
  15  1:18  Supply Depot  
  15  1:26  Refinery  
  15  1:29  Refinery  
  16  1:40  SCV  
  16  1:47  Barracks  
  16  1:52  SCV  
  17  2:04  SCV  
  18  2:15  Barracks  
  18  2:16  SCV  
  19  2:24  SCV  
  19  2:28  SCV  
  22  2:37  Factory  
  22  2:40  Orbital Command  
  22  2:43  Orbital Command  
  21  2:47  Barracks Tech Lab  
  21  2:52  Barracks Reactor  
  21  3:03  Marine  
  22  3:07  Barracks  
  22  3:09  SCV  
  23  3:16  SCV  
  24  3:25  Starport  
  24  3:27  Barracks Tech Lab  
  24  3:37  SCV x2  
  24  3:40  Widow Mine x2  
  30  3:48  Marine  
  30  3:49  Marine, Stimpack  
  30  3:55  SCV  
  33  4:15  Marine x3  
  36  4:18  Medivac  
  36  4:22  SCV  
  38  4:50  Marine  
  38  4:51  Supply Depot, SCV  
  38  5:04  Orbital Command  
  38  5:09  Barracks Reactor  
  38  5:11  Barracks Reactor  
  38  5:12  Widow Mine, Medivac x2, Marine, SCV  
  38  5:13  Supply Depot  
  46  5:16  Supply Depot  
  46  5:21  Command Center  
  46  5:35  SCV  
  47  5:42  Medivac  
  49  5:44  SCV  
  49  5:47  SCV  
  49  5:51  Liberator  
  49  5:56  SCV  
  45  5:59  SCV  
  45  6:04  Marine x5  
  54  6:13  Factory Reactor  
  55  6:18  SCV  
  55  6:19  Barracks  
  55  6:22  Marine x4  
  59  6:28  Marine  
  59  6:30  Combat Shields  
  60  6:40  Factory  
  60  6:48  SCV x2  
  60  6:49  Factory Tech Lab  
  60  6:52  Refinery  
  62  6:56  Refinery  
  62  7:00  Marine, SCV  
  62  7:01  SCV  
  65  7:12  SCV  
  65  7:13  SCV  
  67  7:25  SCV  
  67  7:35  SCV  
  63  7:37  SCV  
  64  7:44  Marine x5  
  64  7:45  Marine  
  64  7:47  Factory Tech Lab, SCV  
  64  7:48  Siege Tank  
  64  7:49  SCV  
  75  8:01  SCV  
  75  8:02  Marine  
  77  8:10  Marine x2  
  77  8:17  Marine x3  
  77  8:19  Marine  
Show
View Real Time Build Order
Export as new Build Order

efelinto Protoss 

Build Orders:  

Get SALT Encoding   

  12  0:01  Probe (Chrono Boost)  
  13  0:11  Probe (Chrono Boost)  
  14  0:22  Pylon  
  14  0:25  Probe (Chrono Boost)  
  15  0:41  Probe (Chrono Boost)  
  16  0:51  Probe (Chrono Boost)  
  16  0:55  Gateway  
  17  1:02  Probe (Chrono Boost)  
  17  1:04  Assimilator  
  18  1:13  Probe (Chrono Boost)  
  19  1:37  Assimilator  
  20  1:40  Probe (Chrono Boost), Pylon  
  20  1:50  Probe (Chrono Boost)  
  21  2:01  Probe (Chrono Boost), Nexus  
  22  2:03  Cybernetics Core  
  22  2:11  Probe (Chrono Boost)  
  23  2:22  Probe (Chrono Boost)  
  24  2:28  Warp Gate  
  24  2:30  Gateway  
  24  2:31  Gateway  
  24  2:37  Gateway  
  24  2:43  Probe (Chrono Boost)  
  25  2:53  Pylon  
  27  2:59  Mothership Core (Chrono Boost)  
  27  3:14  Stargate  
  27  3:29  Probe (Chrono Boost)  
  27  3:31  Probe (Chrono Boost)  
  29  3:40  Probe (Chrono Boost)  
  31  3:43  Probe (Chrono Boost)  
  31  3:47  Assimilator  
  31  3:50  Probe (Chrono Boost)  
  31  3:51  Assimilator  
  31  3:53  Pylon  
  31  3:55  Probe (Chrono Boost)  
  33  3:56  Pylon  
  33  4:00  Phoenix  
  35  4:15  Probe (Chrono Boost)  
  35  4:16  Probe (Chrono Boost)  
  37  4:25  Phoenix  
  37  4:26  Probe (Chrono Boost)  
  37  4:27  Probe (Chrono Boost)  
  38  4:36  Probe (Chrono Boost), Zealot x2  
  38  4:37  Probe (Chrono Boost), Zealot  
  46  4:47  Probe (Chrono Boost)  
  46  4:48  Zealot  
  44  5:02  Probe x2 (Chrono Boost)  
  46  5:13  Probe x2 (Chrono Boost), Zealot  
  50  5:23  Probe x2 (Chrono Boost)  
  52  5:34  Probe x2 (Chrono Boost)  
  54  5:44  Probe (Chrono Boost)  
  54  5:45  Probe (Chrono Boost)  
  56  5:55  Probe x2 (Chrono Boost)  
  58  6:06  Probe x2 (Chrono Boost)  
  58  6:08  Stargate  
  58  6:09  Void Ray  
  64  6:16  Probe x2 (Chrono Boost)  
  66  6:23  Stalker  
  66  6:24  Stalker  
  70  6:43  Nexus  
  70  6:49  Pylon  
  70  6:54  Pylon  
  70  6:57  Pylon  
  70  7:06  Void Ray x2  
  78  7:13  Pylon  
  78  7:15  Pylon  
  78  7:36  Nexus  
  78  7:43  Stalker  
  80  7:46  Void Ray  
  80  7:49  Void Ray  
  88  7:52  Fleet Beacon  
  88  7:55  Cybernetics Core  
  58  8:23  Stalker  
  58  8:24  Stalker x3  
Tags
 
Add a new tag
Caveats
  • Supply blocks, unpowered buildings, or Contaminate may cause inaccurate times.
  • Supply counts are checked every 10 seconds.